 Seeded DCSS version 0.27.1 (webtiles) character file.

Game seed: 18446744073709551615 (custom seed)

998 a11behringer the Cleaver (level 8, -2/66 HPs)
             Began as a Hill Orc Fighter on Sept 3, 2021.
             Slain by an unseen horror (5 damage)
             ... on level 5 of the Dungeon.
             The game lasted 00:25:27 (5560 turns).

a11behringer the Cleaver (Hill Orc Fighter)         Turns: 5560, Time: 00:25:27

Health: -2/66      AC:  9    Str: 19    XL:     8   Next: 19%
Magic:  8/8        EV:  5    Int:  8    God:
Gold:   68         SH:  9    Dex: 12    Spells: 7/7 levels left

rFire    . . .     SeeInvis .   t - +5 mace of Crystal {vorpal, Fly rElec rPois rC-}
rCold    x . .     Faith    .   c - +0 kite shield
rNeg     + . .     Spirit   .   i - +0 chain mail
rPois    +         Reflect  .   (no helmet)
rElec    +         Harm     .   (no cloak)
rCorr    .         Rampage  .   (no gloves)
Will     .....                  (no boots)
Stlth    ..........             (no amulet)
HPRegen  0.21/turn              e - ring of positive energy
MPRegen  0.11/turn              (no ring)

@: flying
A: no striking features
a: no special abilities


You were on level 5 of the Dungeon.
You visited 1 branch of the dungeon, and saw 5 of its levels.
You also visited: Sewer.

You collected 224 gold pieces.
You spent 156 gold pieces at shops.

Inventory:

Hand Weapons
 a - a +1 war axe
 k - a +1 war axe of electrocution
 t - the +5 mace of Crystal (weapon) {vorpal, Fly rElec rPois rC-}
   (You found it on level 4 of the Dungeon)

   It inflicts extra damage upon your enemies.
   rC:        It makes you vulnerable to cold.
   rElec:     It insulates you from electricity.
   rPois:     It protects you from poison.
   Fly:       It grants you flight.
Missiles
 f - 6 javelins (quivered)
Armour
 b - a +0 scale mail
 c - a +0 kite shield (worn)
 i - a +0 chain mail (worn)
Jewellery
 e - a ring of positive energy (left hand)
 j - an amulet of faith
Wands
 s - a wand of iceblast (9)
 u - a wand of mindburst (9)
Scrolls
 v - a scroll of teleportation {unknown}
 w - a scroll of magic mapping
Potions
 d - a potion of might
 g - a potion of mutation {unknown}
 h - a potion of curing
 l - a potion of experience {unknown}
 m - 3 potions of magic
 o - a potion of invisibility {unknown}
 p - 3 potions of haste {unknown}
 q - a potion of cancellation {unknown}
 r - a potion of resistance {unknown}


   Skills:
 + Level 4.3 Fighting
 - Level 11.0 Axes
 + Level 4.3 Armour
 + Level 4.0 Shields


You had 7 spell levels left.
You didn't know any spells.
Your spell library contained the following spells:

 Spells                   Type           Power      Damage    Failure   Level
 Beastly Appendage        Tmut           0%         N/A       100%        1
 Sandblast                Erth           0%         2d4       100%        1
 Wereblood                Tmut           0%         N/A       100%        2
 Call Canine Familiar     Summ           0%         N/A       100%        3
 Portal Projectile        Hex/Tloc       0%         N/A       100%        3
 Spider Form              Tmut/Pois      0%         N/A       100%        3
 Leda's Liquefaction      Hex/Erth       0%         N/A       100%        4


Dungeon Overview and Level Annotations

Branches:
Dungeon (5/15)              Sewer (visited)
 Temple: D:4-7

Altars:
Zin

Shops:
D:1 [   D:2 *   D:3 =(


Message History

You block something's attack. Something hits you but does no damage.
You hit something but do no damage. Something hits you!
* * * LOW HITPOINT WARNING * * *
Something hits you.
* * * LOW HITPOINT WARNING * * *
Something hits you.
* * * LOW HITPOINT WARNING * * *
Something hits you but does no damage.
You feel much better. Something hits you.
Something hits you but does no damage. Something hits you.
You block something's attack. Something hits you. Something hits you.
You closely miss something. Something hits you.
* * * LOW HITPOINT WARNING * * *
You barely miss something. You block something's attack.
Something hits you but does no damage. Something hits you but does no damage.
Something hits you!
* * * LOW HITPOINT WARNING * * *
You block something's attack. You block something's attack.
You block something's attack. Something hits you but does no damage.
You miss something. You block something's attack. Something hits you.
* * * LOW HITPOINT WARNING * * *
Something hits you but does no damage.
Found 17 gold pieces.
Something hits you.
* * * LOW HITPOINT WARNING * * *
Something hits you but does no damage.
You sock something! Something hits you but does no damage. Something hits you.
* * * LOW HITPOINT WARNING * * *
You closely miss something. Something hits you.
* * * LOW HITPOINT WARNING * * *
Something hits you but does no damage. Something hits you but does no damage.
Something hits you.
You die...

#...# #...########
###...##_..#A# #
.!...##...###
##.####...##.....#
#.........##8...8# .
#..##.....####'######.
#..##...............#.
#....@................
#[....................
#...>...##.........<..
##.##..###............
#........##.####.....
#...#.##. #.# ###.##
#...#.##. #.# #.#
##.##.. ..# ... .. ##.
...


There were no monsters in sight!

Vanquished Creatures
  A steam dragon (D:3)
  Menkaure (D:4)
  A water moccasin (D:4)
  A kobold brigand (Sewer)
  A scorpion (D:4)
  An orc priest (D:4)
  Jessica (D:3)
  2 orc wizards
  Natasha (twice) (D:2)
  Robin (D:2)
  7 gnolls (D:2)
  12 river rats
  4 adders
  A shadow imp (D:5)
  An adder skeleton (D:2)
  2 worms (D:2)
  3 dart slugs
  5 orcs
  7 bats
  3 endoplasms
  2 giant cockroaches (D:4)
  16 goblins
  5 hobgoblins
  2 quokkas (D:2)
  19 ball pythons
  4 frilled lizards
  21 kobolds
  22 rats
148 creatures vanquished.

Notes
Turn   | Place    | Note
-------+----------+-------------------------------------------
     0 | D:1      | a11behringer the Hill Orc Fighter began the quest for the
                  | Orb.
     0 | D:1      | Reached XP level 1. HP: 19/19 MP: 1/1
    97 | D:1      | Reached skill level 3 in Axes
   130 | D:1      | Found a faded altar of an unknown god.
   138 | D:1      | Got Plato's Grimoire of Stones
   220 | D:1      | Reached XP level 2. HP: 26/26 MP: 2/2
   289 | D:1      | Found Wusebb's Antique Armour Emporium.
   298 | D:1      | Reached skill level 4 in Axes
   867 | D:2      | Reached XP level 3. HP: 21/31 MP: 3/3
   870 | D:2      | Found Wijash's Assorted Antiques.
  1061 | D:2      | Reached skill level 5 in Axes
  1292 | D:2      | Reached XP level 4. HP: 29/39 MP: 4/4
  1317 | D:2      | Reached skill level 6 in Axes
  1317 | D:2      | HP: 1/39 [gnoll (7)]
  1710 | D:2      | Noticed Natasha
  1719 | D:2      | Killed Natasha
  1720 | D:2      | Reached XP level 5. HP: 36/45 MP: 5/5
  1931 | D:2      | Noticed Robin
  1932 | D:2      | Reached skill level 7 in Axes
  1945 | D:2      | Killed Robin
  2308 | D:2      | Noticed Natasha
  2312 | D:2      | Killed Natasha
  2458 | D:3      | Found Acabb's Antique Weapon Emporium.
  2536 | D:3      | Reached skill level 8 in Axes
  2536 | D:3      | Reached XP level 6. HP: 35/51 MP: 6/6
  2606 | D:3      | Noticed a steam dragon
  2614 | D:3      | Killed a steam dragon
  2615 | D:3      | Reached skill level 9 in Axes
  2868 | D:3      | Noticed Jessica
  2877 | D:3      | Killed Jessica
  3010 | D:3      | Found Miethro's Jewellery Boutique.
  3359 | D:3      | Bought a glowing war axe for 156 gold pieces
  3399 | D:4      | Reached XP level 7. HP: 49/57 MP: 7/7
  3437 | D:4      | Reached skill level 10 in Axes
  3700 | D:4      | Found a glowing drain.
  3719 | Sewer    | Entered a sewer
  3937 | Sewer    | Reached skill level 11 in Axes
  4561 | D:4      | Noticed Menkaure
  4568 | D:4      | Killed Menkaure
  4569 | D:4      | Reached XP level 8. HP: 62/66 MP: 8/8
  4946 | D:4      | Identified the +5 mace of Crystal {vorpal, Fly rElec rPois
                  | rC-}
  5495 | D:5      | Entered Level 5 of the Dungeon
  5503 | D:5      | Noticed an angel
  5504 | D:5      | Found a glowing silver altar of Zin.
  5537 | D:5      | HP: 1/66 [something (3)]
  5557 | D:5      | HP: 3/66 [something (3)]
  5560 | D:5      | Slain by an unseen horror

Illustrated notes

Levels and vault maps discovered:
D:1:      minmay_arrival_widening_spiral_wide, layout_basic, serial_shops, shop,
          shapermc_ecumenical_altar_rom_forum
D:2:      layout_loops_ring, serial_shops, shop, minmay_misc_feat_five,
          minmay_tiny_reverse_x, uniq_robin, uniq_natasha
D:3:      minmay_recursive_quarters, layout_loops_ring, serial_shops, shop,
          nicolae_lakefront_shop, uniq_jessica
D:4:      layout_basic, portal_sewer_entry_b, uniq_menkaure
D:5:      layout_loops_cross, zin_angel, uniq_grinder

Skill      XL: |  1  2  3  4  5  6  7  8 |
---------------+-------------------------+-----
Axes           | 3 4 5 6 8 9 11 | 11.0
Fighting       | 4 |  4.3
Armour         | 4 |  4.3
Shields        | 4 |  4.0

Action                   |  1- 3 |  4- 6 |  7- 9 || total
-------------------------+-------+-------+-------++-------
Melee: War axe           |    93 |   119 |   129 ||   341
       Mace              |       |       |    19 ||    19
  Use: Scroll            |       |     7 |     1 ||     8
       Potion            |       |     1 |     2 ||     3
Armor: Scale mail        |    35 |    37 |       ||    72
       Chain mail        |       |     4 |    86 ||    90
Dodge: Dodged            |    18 |    37 |    29 ||    84
Block: Kite shield       |    55 |    56 |    98 ||   209
